 Dungeon Crawl Stone Soup version 0.26-a0-224-g2964c8cf50 (webtiles) character file.

Game seed: 9576199681002797917

139 Esekla the Stinger (level 5, -5/38 HPs)
             Began as a Formicid Venom Mage on July 6, 2020.
             Slain by a hippogriff (7 damage)
             ... on level 3 of the Dungeon.
             The game lasted 00:22:04 (2862 turns).

Esekla the Stinger (Formicid Venom Mage)            Turns: 2862, Time: 00:22:05

Health: -5/38      AC:  5    Str: 13    XL:     5   Next: 46%
Magic:  2/10       EV: 12    Int: 15    God:
Gold:   32         SH:  0    Dex: 11    Spells: 2/11 levels left

rFire    . . .     SeeInvis +   m - +0 short sword
rCold    . . .     Faith    .   (no shield)
rNeg     . . .     Spirit   .   a - +0 robe
rPois    .         Reflect  .   (helmet unavailable)
rElec    .         Harm     .   (no cloak)
rCorr    .                      (no gloves)
MR       .....                  e - +2 pair of boots
Stlth    ++........             (no amulet)
HPRegen  0.12/turn              (no ring)
MPRegen  0.12/turn              (no ring)

@: very slightly contaminated
A: permanent stasis, dig shafts and tunnels, four strong arms, antennae 3
a: Dig, Shaft Self


You were on level 3 of the Dungeon.
You were not hungry.

You visited 1 branch of the dungeon, and saw 3 of its levels.

You collected 32 gold pieces.

Inventory:

Hand Weapons
 k - a +0 war axe
 m - a +0 short sword (weapon)
Missiles
 g - 3 boomerangs
 l - 22 poisoned darts (quivered)
Armour
 a - a +0 robe (worn)
 e - a +2 pair of boots (worn)
Scrolls
 d - a scroll of blinking {unknown}
 f - 3 scrolls of identify {unknown}
 i - a scroll of teleportation {unknown}
 j - a scroll of fear {unknown}
 n - a scroll of enchant weapon {unknown}
Potions
 b - a potion of berserk rage {unknown}
 h - 2 potions of curing {unknown}
Comestibles
 c - 8 rations


   Skills:
 * Level 1.8 Fighting
 + Level 2.4 Dodging
 - Level 2.4 Stealth
 * Level 3.7 Spellcasting
 * Level 0.7 Conjurations
 - Level 1.1 Transmutations
 * Level 1.5 Air Magic
 - Level 4.0 Poison Magic


You had 2 spell levels left.
You knew the following spells:

 Your Spells              Type           Power        Failure   Level
a - Sting                 Tmut/Pois      ##..         6%          1
c - Mephitic Cloud        Conj/Pois/Air  #.......     24%         3
n - Ignite Poison         Fire/Tmut/Pois #.......     28%         3
v - Poisonous Vapours     Pois/Air       ##....       9%          2

Your spell library contained the following spells:

 Spells                   Type           Power        Failure   Level
 Olgreb's Toxic Radiance  Pois           ##......     34%         4


Dungeon Overview and Level Annotations

Branches:
Dungeon (3/15)

Altars:
Gozag


Innate Abilities, Weirdness & Mutations

You cannot be hasted, slowed, berserked, paralysed or teleported.
You can dig through walls and to a lower floor.
Your four strong arms can wield two-handed weapons with a shield.
You have a pair of large antennae on your head. (SInv)


Message History

The hippogriff is severely wounded.
The hippogriff bites you. The hippogriff pecks you.
* * * LOW HITPOINT WARNING * * *
The hippogriff claws you.
* * * LOW HITPOINT WARNING * * *
You hit the hippogriff but do no damage.
The hippogriff is severely wounded.
The hippogriff barely misses you. The hippogriff closely misses you.
The hippogriff misses you.
You hit the hippogriff.
The hippogriff is severely wounded.
The hippogriff closely misses you.
The hippogriff pecks you but does no damage.
The hippogriff closely misses you.
You hit the hippogriff but do no damage.
The hippogriff is severely wounded.
The hippogriff bites you.
* * * LOW HITPOINT WARNING * * *
The hippogriff pecks you!
You die...

#####
######...#########
..<....#........@#
####.#...###.###H#
#.##### #.# #(# { #.#
#.# #.#
#.#######.###.#######.#
#.....................#
#..######..####.#####.#
##### #..# #..# #.#
#...S #..#
###..####.#### #!.5.


You could see a hippogriff (poisoned).

Vanquished Creatures
  An orc priest (D:2)
  An orc wizard (D:1)
  3 adders
  A white imp (D:3)
  An ooze (D:1)
  2 worms (D:2)
  A leopard gecko (D:1)
  2 orcs (D:2)
  A giant cockroach (D:1)
  4 goblins
  5 hobgoblins (D:1)
  6 jackals
  4 frilled lizards
  8 kobolds
  4 rats
44 creatures vanquished.

Notes
Turn   | Place    | Note
-------+----------+-------------------------------------------
     0 | D:1      | Esekla the Formicid Venom Mage began the quest for the Orb.
     0 | D:1      | Reached XP level 1. HP: 13/13 MP: 3/3
   328 | D:1      | Reached XP level 2. HP: 20/20 MP: 2/5
   332 | D:1      | Learned a level 2 spell: Poisonous Vapours
   670 | D:1      | Reached skill level 1 in Fighting
   984 | D:1      | Reached XP level 3. HP: 19/26 MP: 1/7
  1257 | D:2      | Learned a level 3 spell: Mephitic Cloud
  1846 | D:1      | Reached skill level 1 in Air Magic
  1846 | D:1      | Reached XP level 4. HP: 5/32 MP: 1/9
  2119 | D:2      | Reached XP level 5. HP: 28/37 MP: 1/10
  2509 | D:2      | Found an opulent altar of Gozag.
  2525 | D:2      | Learned a level 3 spell: Ignite Poison
  2822 | D:3      | Noticed a hippogriff
  2862 | D:3      | Slain by a hippogriff

Illustrated notes

Levels and vault maps discovered:
D:1:      nzn_arrival_settlement, layout_loops_corners, chequers_arboretum
D:2:      layout_basic, nicolae_overflow_crystal_walls, minmay_distorted
D:3:      layout_loops_ring, nemelex_xobeh_ov_fountains_minmay,
          gammafunk_ghost_icy, chequers_garden

Skill      XL: |  1  2  3 |
---------------+----------+-----
Fighting       | 1 |  1.8
Dodging        | 2 |  2.4
Spellcasting   | 3 |  3.7
Air Magic      | 1 |  1.5
Stealth        | |  2.4
Conjurations   | |  0.7
Transmutations | |  1.1
Poison Magic   | |  4.0

Action                   |  1- 3 |  4- 6 || total
-------------------------+-------+-------++-------
Melee: Dagger            |    21 |     9 ||    30
       Short sword       |       |     9 ||     9
Throw: Dart              |       |     3 ||     3
 Cast: Sting             |     5 |       ||     5
       Poisonous Vapours |    27 |    20 ||    47
       Mephitic Cloud    |       |     3 ||     3
 Stab: Sleeping          |     3 |       ||     3
       Confused          |       |     2 ||     2
  Eat: Ration            |     1 |     1 ||     2
Armor: Robe              |     8 |     9 ||    17
Dodge: Dodged            |    23 |    22 ||    45

Table legend:
 A = Non-vault XP
 B = Vault XP
 C = Vault XP percentage of total XP
 D = Non-vault monster count
 E = Vault monster count
 F = Vault count percentage of total count
                 A         B        C        D         E       F
            +---------+---------+-------+---------+---------+-------
      Total |     198 |       1 |   0.5 |      43 |       1 |   2.3
            +---------+---------+-------+---------+---------+-------
        D:1 |      86 |       0 |   0.0 |      21 |       0 |   0.0
        D:2 |      99 |       1 |   1.0 |      17 |       1 |   5.6
        D:3 |      13 |       0 |   0.0 |       5 |       0 |   0.0
            +---------+---------+-------+---------+---------+-------
